[Event "MČR družstev mladších žáků 2024"]
[Site "Harrachov, Czech Republic"]
[Date "2024.06.16"]
[Round "8.6"]
[White "Soukup Erik"]
[Black "Pecinka Lukas"]
[Result "1-0"]
[TimeControl "25+10"]
[WhiteFideId "23741910"]
[BlackFideId "23763574"]
[WhiteElo "1149"]
[BlackElo "1121"]

1. d4 d5 2. e3 Nf6 3.
Bd3 Nc6 4. f4 Bg4 5. Nf3 e6 6. O-O Bd6 7. Nbd2 O-O 8. b3 Bb4 9. Bb2 Bxd2 10. Qxd2 Ne4 11. Bxe4 dxe4 12. Ne5 Bf5 13. Nxc6 bxc6 14. Qc3 Qd5 15. Rae1 Rab8 16. a4 a5 17. h3 Rb4 18. Ba3 Rxb3 19.
Qxb3 Qxb3 20. cxb3 Rb8 21. Rb1 h6 22. Rfc1 Rb6 23. Bc5 Rb8 24. b4 Ra8 25. bxa5 Rxa5 26. Bb4 Ra6 27. a5 f6 28.
Rc5 Kh7 29. Rbc1 Ra8 30. Rxc6 Rb8 31. Bc5 Rc8 32. a6 Ra8 33. a7 e5 34. Rb1 Bd7 35. Rxc7 Bf5 36. Rb8 Rxa7 37. Bxa7 Kg6 38.
Rbb7 Kh5 39. Rxg7 Bc8 40. g4+ Kh4 41. Rbf7 Kg3 42. fxe5 fxe5 43. g5 h5 44. Rh7 Be6 45. g6 h4 46.
Rf6 Bg8 47. Rh8 Bd5 48. g7 Kxh3 49. g8=Q Bxg8 50. Rxg8 exd4 51. exd4 e3 52. Rf3# 1-0



[ePGN "0.1;DGT LiveChess/2.2.6"]

[Event "MČR družstev mladších žáků 2024"]
[Site "Harrachov, Czech Republic"]
[Date "2024.06.16"]
[Round "8.7"]
[White "Vancakova Veronika"]
[Black "Policar Martin"]
[Result "1-0"]
[TimeControl "25+10"]
[WhiteFideId "23731907"]
[BlackFideId "23734868"]
[WhiteElo "1437"]
[BlackElo "1646"]

1. d4 Nf6 2. c4 e6 3. Nc3 Bb4 4. e3 O-O 5. Nge2 b6 6. a3 Bxc3+ 7. Nxc3 Bb7 8. Bd3 Bxg2 9. Rg1 Bb7 10.
e4 d5 11. cxd5 exd5 12. Bh6 Ne8 13. Qg4 Qf6 14. Qh3 Kh8 15. Be3 g6 16. e5 Qe6 17. Qh6 Ng7 18. O-O-O Nd7 19. h4 Nf5 20.
Bxf5 Qxf5 21. Rg5 Qe6 22. Rdg1 Rg8 23. f4 f5 24. h5 Nf8 25. Ne2 Qf7 26. Ng3 Ne6 27. hxg6 Rxg6 28. Rxg6 Qxg6 29. Qh3 Rf8 30. Nh5 Qh6 31. Qf3 c5 32. Nf6 cxd4 33.
Rh1 Qg6 34. Rxh7+ Qxh7 35. Nxh7 Kxh7 36. Bd2 Rc8+ 37. Kd1 Kg6 38. Qg3+ Kh6 39. Qh4+ Kg7 40. Qf6+ Kh7 41. Qxf5+ Kh8 42. Qxe6 Rc7 43. Qh6+ Kg8 44.
Qg6+ Kh8 45. Qd3 Rh7 46. Qxd4 Rh1+ 47. Kc2 Kg8 48. e6 Rh7 49. f5 Rc7+ 50. Bc3 Rh7 51. f6 Kf8 52. Bb4+ Kg8 53.
Qg4+ Kh8 54. f7 Rh2+ 55. Bd2 1-0



[ePGN "0.1;DGT LiveChess/2.2.6"]

[Event "MČR družstev mladších žáků 2024"]
[Site "Harrachov, Czech Republic"]
[Date "2024.06.16"]
[Round "8.8"]
[White "Sudrich Radek"]
[Black "Walder Hugo"]
[Result "0-1"]
[TimeControl "25+10"]
[WhiteFideId "23734361"]
[BlackFideId "23743360"]
[WhiteElo "1470"]
[BlackElo "1489"]

1. Nf3 Nf6 2. g3 d5 3.
Bg2 c6 4. O-O Bf5 5. d3 e6 6. Bf4 Bd6 7. Bxd6 Qxd6 8. Nbd2 O-O 9. c4 Nbd7 10. a3 a5 11. Rc1 Qe7 12. cxd5 exd5 13.
Nd4 Bg4 14. h3 Bh5 15. g4 Bg6 16. Re1 Rfe8 17. e4 dxe4 18. Bxe4 Nxe4 19. Nxe4 Bxe4 20. dxe4 g6 21. f4 Rad8 22.
Qf3 Nf6 23. e5 Rxd4 24. exf6 Qxe1+ 25. Rxe1 Rxe1+ 26. Kf2 Red1 27. Qc3 R4d2+ 28. Ke3 Rd3+ 29. Qxd3 Rxd3+ 30. Kxd3 Kf8 31. Kc4 b6 32. Kd4 Ke8 33. Ke5 Kd7 34. f5 g5 35. a4 Kc7 36.
b3 Kd7 37. h4 h6 38. hxg5 hxg5 39. Kd4 Kd6 40. Ke4 c5 41. Kd3 Kd5 42. Kc3 Ke4 43. Kc4 Kf4 44. Kb5 Kxg4 45. Kxb6 Kxf5 46. Kxc5 g4 47. b4 g3 48. b5 g2 49. b6 g1=Q+ 50. Kb5 Qe1 51. Ka6 Qb4 52. b7 Kxf6 53. Ka7 Ke6 54.
b8=Q Qxb8+ 55. Kxb8 f5 56. Kb7 f4 57. Kb6 f3 58. Kxa5 f2 59. Kb6 f1=Q 60. a5 Qf2+ 61. Kb7 Qf3+ 62. Ka7 Kd7 63. a6 Kc8 64.
Kb6 Qa8 65. a7 Kd7 66. Ka6 Kc6 67. Ka5 Qxa7+ 68. Kb4 Qc5+ 69. Kb3 Qd4 70. Ka3 Qb6 71. Ka2 Kc5 72. Ka1 Kc4 73. Ka2 Kc3 74. Ka1 Qb2# 0-1



[ePGN "0.1;DGT LiveChess/2.2.6"]

[Event "MČR družstev mladších žáků 2024"]
[Site "Harrachov, Czech Republic"]
[Date "2024.06.16"]
[Round "8.9"]
[White "Bucek Vit"]
[Black "Moravec Rene"]
[Result "1-0"]
[TimeControl "25+10"]
[WhiteFideId "23750812"]
[BlackFideId "23745274"]
[WhiteElo "1582"]
[BlackElo "1295"]

1. e4 c5 2. Nf3 Nc6 3. d4 cxd4 4.
Nxd4 g6 5. Nc3 Bg7 6. Be3 Nf6 7. Bc4 d6 8. f3 O-O 9. Bb3 a6 10. Qd2 Bd7 11. h4 h5 12. O-O-O b5 13. Kb1 Na5 14.
Bh6 Nc4 15. Qc1 Na5 16. Bxg7 Kxg7 17. Nd5 Nxb3 18. cxb3 Nxd5 19. exd5 Rc8 20. Qd2 Qc7 21. g4 hxg4 22. fxg4 Bxg4 23.
Rdg1 Bh5 24. Nf5+ Kg8 25. Ng3 Bf3 26. Qh6 Qc2+ 27. Ka1 Rc5 28. h5 Bxh1 29. Rxh1 Rfc8 30. a3 Rxd5 31. hxg6 Rd1+ 32.
Rxd1 Qxd1+ 33. Ka2 fxg6 34. Qxg6+ Kh8 35. Nf5 Qg1 36. Qxg1 Kh7 37. Qg7# 1-0



[ePGN "0.1;DGT LiveChess/2.2.6"]

[Event "MČR družstev mladších žáků 2024"]
[Site "Harrachov, Czech Republic"]
[Date "2024.06.16"]
[Round "9.1"]
[White "Zrust Lukas"]
[Black "Kroulik Stepan"]
[Result "1/2-1/2"]
[TimeControl "25+10"]
[WhiteFideId "23736666"]
[BlackFideId "23725460"]
[WhiteElo "1742"]
[BlackElo "1370"]

1. e4 c5 2. Nf3 e6 3.
d4 cxd4 4. Nxd4 a6 5. Nc3 Qc7 6. Be2 Nc6 7. Be3 Nf6 8. O-O Bb4 9. f3 O-O 10. a3 Bxc3 11.
bxc3 b5 12. c4 bxc4 13. Bxc4 Rd8 14. Nxc6 Qxc6 15. Qe2 d5 16. exd5 Nxd5 17. Rfd1 Bb7 18. Bxd5 Rxd5 19. Rxd5 Qxd5 20.
Rd1 Qa5 21. Qd3 h6 22. c4 Bc6 23. c5 Bd5 24. Rc1 Qa4 25. Rb1 Bc4 26. Qc3 Bb5 27. Kf2 Qh4+ 28. Kg1 Rd8 29. Bf2 Qe7 30.
h3 Rd3 31. Qb4 Qd7 32. Rb2 Rd1+ 33. Kh2 Qd3 34. a4 1/2-1/2



[ePGN "0.1;DGT LiveChess/2.2.6"]

[Event "MČR družstev mladších žáků 2024"]
[Site "Harrachov, Czech Republic"]
[Date "2024.06.16"]
[Round "9.10"]
[White "Kozusnik Jan"]
[Black "Vratny Vojtech"]
[Result "1-0"]
[TimeControl "25+10"]
[WhiteFideId "23731796"]
[BlackFideId "23753692"]
[WhiteElo "1345"]
[BlackElo "1208"]

1. e4 c6 2. d4 d5 3. Nc3 dxe4 4.
Nxe4 Nf6 5. Nxf6+ exf6 6. Nf3 Bg4 7. Be2 Bd6 8. h3 Bh5 9. O-O O-O 10. Be3 Nd7 11. c4 Re8 12. b3 Rc8 13.
Qc2 Bg6 14. Bd3 Bxd3 15. Qxd3 Nf8 16. Rad1 Bc7 17. d5 cxd5 18. Qxd5 Qxd5 19. Rxd5 a6 20. Rfd1 Ne6 21. c5 Bf4 22.
Bxf4 Nxf4 23. Rd7 Rxc5 24. Rxb7 Rc2 25. a4 Ne6 26. Ra1 Rec8 27. Rb6 R2c6 28. Rxc6 Rxc6 29. b4 Kf8 30. Kf1 Ke7 31. g3 Kd6 32. Rd1+ Kc7 33. Ke2 Rc2+ 34. Rd2 Rc4 35. Rb2 a5 36. Kd3 Rc6 37. b5 Rb6 38.
Kc4 Kb7 39. Kd5 Nc7+ 40. Kc5 Ka7 41. Nd4 Na6+ 42. Kc4 Nb4 43. Re2 Rb7 44. Kc5 Rc7+ 45. Nc6+ Nxc6 46. bxc6 Ka6 47. Kd6 Rc8 48.
Kd7 Rb8 49. c7 Rb7 50. Kd8 Rxc7 51. Kxc7 g5 52. Re8 Ka7 53. Rf8 f5 54. Rxf7 f4 55. gxf4 gxf4 56. Rxf4 h5 57. Rh4 Ka8 58. Rxh5 Ka7 59. Rh8 Ka6 60. Ra8# 1-0



[ePGN "0.1;DGT LiveChess/2.2.6"]

[Event "MČR družstev mladších žáků 2024"]
[Site "Harrachov, Czech Republic"]
[Date "2024.06.16"]
[Round "9.11"]
[White "Melicharova Veronika"]
[Black "Lackova Lucie"]
[Result "0-1"]
[TimeControl "25+10"]
[WhiteFideId "23749695"]
[BlackFideId "23731800"]
[WhiteElo "1003"]
[BlackElo "1601"]

1. e4 c6 2. Nc3 d5 3. exd5 cxd5 4. d4 Nf6 5. Nf3 Bg4 6. Be2 e6 7. h3 Bh5 8. Bg5 Be7 9. O-O Nc6 10.
Re1 O-O 11. Nh4 Bxe2 12. Nxe2 Ne4 13. Bxe7 Qxe7 14. Nf3 Rac8 15. Rc1 Na5 16. c3 Nc4 17. Qc2 Qd7 18. Ng3 Nxg3 19. fxg3 h6 20. Ne5 Nxe5 21. Rxe5 b5 22. Kh2 Rc4 23. Qb3 b4 24. Re3 a5 25.
a3 bxa3 26. Qxa3 Rb8 27. Rb1 Ra4 28. Qc5 Rb5 29. Qxb5 Qxb5 30. Ree1 Ra2 31. b3 Qd3 32. Rec1 Qd2 33. Rg1 Qxc3 34.
Rgd1 Qc2 35. Rg1 Rb2 36. Ra1 Rxb3 37. Rxa5 Qd3 38. Ra4 Qxg3+ 39. Kh1 Qh4 0-1



[ePGN "0.1;DGT LiveChess/2.2.6"]

[Event "MČR družstev mladších žáků 2024"]
[Site "Harrachov, Czech Republic"]
[Date "2024.06.16"]
[Round "9.13"]
[White "Velim Vojtech"]
[Black "Vanek Martin"]
[Result "1/2-1/2"]
[TimeControl "25+10"]
[WhiteFideId "23749407"]
[BlackFideId "23769238"]
[WhiteElo "1814"]
[BlackElo "1580"]

1. d4 d5 2. c4 e6 3.
Nc3 Nf6 4. Bg5 Be7 5. Nf3 O-O 6. e3 h6 7. Bxf6 Bxf6 8. Bd3 b6 9. cxd5 exd5 10. Qb3 Be6 11. O-O c5 12. Qc2 Nc6 13. Rad1 Nb4 14. Qb1 Qd6 15.
a3 Nxd3 16. Qxd3 Rfd8 17. Rfe1 cxd4 18. Nxd4 Bxd4 19. Qxd4 Qc5 20. h3 Rac8 21. Rd2 Rc6 22. Red1 Rcd6 23. Ne2 Qc6 24. Nf4 Qc5 25.
e4 g5 26. Nh5 Qxd4 27. Rxd4 Kf8 28. e5 Rc6 29. Nf6 Rc2 30. b4 Ra2 31. R1d3 Ra1+ 32. Kh2 Kg7 33. Re3 Kg6 34. h4 Ra2 35.
h5+ Kg7 36. Kg3 1/2-1/2



[ePGN "0.1;DGT LiveChess/2.2.6"]

[Event "MČR družstev mladších žáků 2024"]
[Site "Harrachov, Czech Republic"]
[Date "2024.06.16"]
[Round "9.14"]
[White "Bilek Filip"]
[Black "Kala Jakub"]
[Result "0-1"]
[TimeControl "25+10"]
[WhiteFideId "23763493"]
[BlackFideId "23753897"]
[WhiteElo "1249"]
[BlackElo "1657"]

1. e4 c6 2. d4 d5 3. e5 Bf5 4. Nf3 e6 5. Be2 c5 6. Be3 Nd7 7. c3 Qc7 8. Nbd2 Ne7 9. Rc1 c4 10.
O-O Nc6 11. b3 Ba3 12. bxc4 Bxc1 13. Qxc1 O-O 14. h3 Rfc8 15. cxd5 exd5 16. Nb3 Na5 17. Bf4 Nxb3 18. axb3 Qxc3 19.
Qa3 Bc2 20. Rc1 Qxb3 21. Qxb3 Bxb3 22. Rb1 Bc4 23. Bf1 b5 24. Nd2 Nb6 25. Nxc4 bxc4 26. Rc1 a5 27. Bd2 a4 28. Bb4 a3 29.
Ra1 a2 30. Be2 h6 31. Bd1 c3 32. Bc2 Rc4 33. Bc5 Nd7 34. Bd6 Rxd4 35. e6 fxe6 36. g3 Rd2 37. Bb3 c2 38. Bxc2 Rxc2 39.
Bf4 Rb2 40. Rxa2 Raxa2 41. Be3 e5 42. f4 Rb1+ 43. Bc1 Rxc1# 0-1



[ePGN "0.1;DGT LiveChess/2.2.6"]

[Event "MČR družstev mladších žáků 2024"]
[Site "Harrachov, Czech Republic"]
[Date "2024.06.16"]
[Round "9.15"]
[White "Levchenko Alisa"]
[Black "Najdkova Laura"]
[Result "1-0"]
[TimeControl "25+10"]
[WhiteFideId "23760311"]
[BlackFideId "23751290"]
[WhiteElo "1302"]
[BlackElo "1337"]

1. d4 d5 2. c4 e6 3. Nf3 Nf6 4. g3 Be7 5. Bg2 Nbd7 6.
O-O c5 7. cxd5 Nxd5 8. Nc3 Nxc3 9. bxc3 cxd4 10. cxd4 Bf6 11. Ba3 Qa5 12. Qb3 Nb6 13. Rac1 Qd5 14. e3 Qxb3 15. axb3 Nd7 16.
Rc7 Rb8 17. Bd6 Nb6 18. Rfc1 Bd8 19. Rxf7 Kxf7 20. Bxb8 a6 21. Ne5+ Ke7 22. Bc7 Kf6 23.
Bxd8+ Rxd8 24. Rc7 Nd5 25. Rf7+ Kg5 26. Rxg7+ Kh6 27. Rxb7 Bxb7 28. Nf7+ Kg7 29. Nxd8 Bc8 30. Bh3 Kf6 31.
Nc6 Bd7 32. Na5 Nb4 33. Kf1 Bb5+ 34. Ke1 e5 35. dxe5+ Kxe5 36. Bg2 Kf5 37. Bf3 Nd3+ 38. Kf1 Nf4+ 39. Kg1 Nh3+ 40. Kg2 Ng5 41.
Bc6 Bxc6+ 42. Nxc6 Ne4 43. b4 Nd6 44. Nb8 a5 45. bxa5 Nb7 46. a6 1-0



[ePGN "0.1;DGT LiveChess/2.2.6"]

[Event "MČR družstev mladších žáků 2024"]
[Site "Harrachov, Czech Republic"]
[Date "2024.06.16"]
[Round "9.16"]
[White "Hamernikova Iris"]
[Black "Zavrel Daniel"]
[Result "0-1"]
[TimeControl "25+10"]
[WhiteFideId "23745738"]
[BlackFideId "23753951"]
[WhiteElo "1216"]
[BlackElo "1106"]

1. e4 e5 2. Nf3 Nc6 3. d4 exd4 4. Bc4 Nf6 5. e5 Ng4 6. Nxd4 Ncxe5 7. Bb3 Bc5 8. Bf4 d6 9. h3 Nf6 10.
O-O O-O 11. Nc3 Be6 12. Bxe6 fxe6 13. Nxe6 Qd7 14. Nxf8 Rxf8 15. Bxe5 dxe5 16. Qxd7 Nxd7 17. Rad1 Nf6 18. Rfe1 Bd4 19.
Re2 Nh5 20. g3 Nxg3 21. Red2 Nf5 22.
Kh2 Nh4 23. Kg3 Nf5+ 24. Kh2 Nh4 25. Kh1 Bxf2 26. Rf1 Bd4 27. Rxf8+ Kxf8 28. Nb5 Bb6 29. Re2 Ng6 30. Kg2 Nf4+ 31. Kf3 Nxe2 32.
Kxe2 Ke7 33. Kd3 a6 34. Nc3 Kd6 35.
Ke4 Bd4 36. Kf5 Bxc3 37. bxc3 c5 38. c4 b5 39. cxb5 axb5 40. c3 Kd5 41. h4 e4 42. Kf4 h6 43. Ke3 g5 44. hxg5 hxg5 45.
a3 g4 46. Kf4 Kc4 47. Kxe4 Kxc3 48. Kf4 Kb3 49. Kxg4 c4 50. Kf3 c3 51. Ke2 Kb2 52.
Kd3 c2 53. Kd4 c1=Q 54. Kd5 Qc3 55. Ke4 Qd2 56. Kf3 Qd4 57. Ke2 Qc3 58. Kf2 Qd3 59. Kg2 Qe3 60. Kh2 Qf3 61. Kg1 Qe2 62. Kh1 Kc3 63. a4 bxa4 64. Kg1 a3 0-1



[ePGN "0.1;DGT LiveChess/2.2.6"]

[Event "MČR družstev mladších žáků 2024"]
[Site "Harrachov, Czech Republic"]
[Date "2024.06.16"]
[Round "9.19"]
[White "Frantsev Iegor"]
[Black "Padivy Jan"]
[Result "0-1"]
[TimeControl "25+10"]
[WhiteFideId "23736305"]
[BlackFideId "23752904"]
[WhiteElo "1413"]
[BlackElo "1500"]

1. d4 e6 2. Bf4 b6 3. e3 Bb7 4. Nf3 Nf6 5. c4 Bb4+ 6. Nc3 d6 7. a3 Bxc3+ 8. bxc3 Nbd7 9. Bd3 O-O 10.
O-O Re8 11. Qe2 e5 12. dxe5 dxe5 13. Nxe5 Nxe5 14. Rad1 Qe7 15. Bf5 Rad8 16. Rd4 Rxd4 17. cxd4 Ng6 18. Bg3 Qxa3 19. Bxc7 Nh4 20.
Bh3 Qa4 21. Be5 Ba6 22. Bxf6 gxf6 23. Rc1 Ng6 24. Bf5 Bc8 25. Bc2 Qd7 26. h3 Qxd4 27. Ba4 Re7 28. Rd1 Qc5 29. Rd5 Qc7 30.
Qd1 Bb7 31. Rd6 Qxc4 32. Rxf6 Qe4 33. Rf3 Bc6 34. Bb3 Rd7 35. Qc1 Kg7 36. Qc3+ Kg8 37. Bc2 Qd5 38. Bb3 Qc5 39. Bxf7+ Rxf7 40.
Qb3 Bxf3 0-1



[ePGN "0.1;DGT LiveChess/2.2.6"]

[Event "MČR družstev mladších žáků 2024"]
[Site "Harrachov, Czech Republic"]
[Date "2024.06.16"]
[Round "9.2"]
[White "Zika Miroslav"]
[Black "Artamonov Mikhail"]
[Result "1/2-1/2"]
[TimeControl "25+10"]
[WhiteFideId "23746610"]
[BlackFideId "23732946"]
[WhiteElo "1311"]
[BlackElo "1515"]

1. c4 Nf6 2. Nc3 d6 3.
Nf3 g6 4. g3 Bg7 5. Bg2 O-O 6. O-O e5 7. d3 Nc6 8. Bg5 Be6 9.
a3 h6 10. Bxf6 Bxf6 11. Rc1 a5 12. Qd2 Bg7 13. e3 Bg4 14. h3 Bxf3 15. Bxf3 Qd7 16. Bg2 Rae8 17. Nd5 b6 18. Rce1 Ne7 19.
b4 Nxd5 20. Bxd5 axb4 21. axb4 Qxh3 22. Bg2 Qh5 23. Ra1 e4 24. d4 c5 25. Ra6 cxd4 26. exd4 Qg4 27. Re1 e3 28. Rxe3 Bxd4 29.
Rd3 Bg7 30. Rxb6 Re2 31. Qf4 1/2-1/2



[ePGN "0.1;DGT LiveChess/2.2.6"]

[Event "MČR družstev mladších žáků 2024"]
[Site "Harrachov, Czech Republic"]
[Date "2024.06.16"]
[Round "9.20"]
[White "Koupil Stepan"]
[Black "Mauric Jan"]
[Result "1-0"]
[TimeControl "25+10"]
[WhiteFideId "23742119"]
[BlackFideId "23744200"]
[WhiteElo "1423"]
[BlackElo "1306"]

1. e4 e6 2. d4 b6 3.
Nc3 Bb7 4. Nf3 Bb4 5. Bd3 Ne7 6. O-O O-O 7. Bf4 Bxc3 8. bxc3 h6 9. Qd2 f5 10. exf5 Nxf5 11. Ne5 d6 12. Nc4 Qf6 13.
Bg3 Nd7 14. Rae1 Rae8 15. Ne3 Nh4 16. Bxh4 Qxh4 17. f3 Qg5 18. Kh1 Rf4 19. Re2 Ref8 20. Ref2 e5 21. Bc4+ Kh8 22. Bd5 Bxd5 23.
Nxd5 Qg6 24. Nxf4 Rxf4 25. dxe5 Nxe5 26. Qxf4 1-0



[ePGN "0.1;DGT LiveChess/2.2.6"]

[Event "MČR družstev mladších žáků 2024"]
[Site "Harrachov, Czech Republic"]
[Date "2024.06.16"]
[Round "9.21"]
[White "Hujova Tess"]
[Black "Sara David"]
[Result "0-1"]
[TimeControl "25+10"]
[WhiteFideId "23744936"]
[BlackFideId "23746599"]
[WhiteElo "1311"]
[BlackElo "1379"]

1. b4 e5 2. Bb2 d6 3. e3 Nf6 4. d3 Be7 5. Be2 Be6 6. Nd2 Nbd7 7. Ngf3 O-O 8. O-O Nb6 9. c4 Qd7 10.
a4 Ne8 11. Qc2 f5 12. a5 Nc8 13. Rac1 Rf6 14. Nb3 Rg6 15. c5 f4 16. exf4 Bh3 17. Ng5 Bxg5 18. fxg5 Rxg5 19. Bf3 Qf7 20.
Qc4 Be6 21. Qe4 Bxb3 22. Qxb7 Rb8 23. Qxb8 Qxf3 24. g3 Bd5 25. Qxc8 Qg2# 0-1



[ePGN "0.1;DGT LiveChess/2.2.6"]

[Event "MČR družstev mladších žáků 2024"]
[Site "Harrachov, Czech Republic"]
[Date "2024.06.16"]
[Round "9.22"]
[White "Malek Daniel"]
[Black "Jenikova Sabina"]
[Result "1-0"]
[TimeControl "25+10"]
[WhiteFideId "23742720"]
[BlackFideId "23759860"]
[WhiteElo "1246"]
[BlackElo "1114"]

1. e4 e6 2. d4 b6 3. Nf3 Bb7 4. Bd3 Nf6 5. Bg5 Be7 6. Nc3 d6 7. O-O Nbd7 8. Qd2 h6 9. Be3 c5 10.
d5 exd5 11. exd5 Nxd5 12. Be4 Nxe3 13. Qxe3 Qc8 14. Rfe1 Bxe4 15. Qxe4 Qd8 16. Nd5 Kf8 17. Qxe7+ Qxe7 18. Nxe7 Nf6 19.
Nf5 Rd8 20. Rad1 d5 21. c3 Ne4 22. Rxe4 g6 23. Ng3 Kg7 24. Re5 d4 25. cxd4 cxd4 26. Rxd4 Rc8 27. Rd1 Rc2 28. Re2 Rc7 29.
h3 Rhc8 30. Nd4 Rd7 31. Ne6+ fxe6 32. Rxd7+ Kf6 33. Rxa7 Rc1+ 34. Kh2 Rc6 35. Nf1 e5 36. Ne3 h5 37. Ra6 Ke6 38. b3 Kd7 39.
Nc4 Kc7 40. Ra7+ Kb8 41. Rg7 Re6 42. Rxe5 Rf6 43. Re8# 1-0



[ePGN "0.1;DGT LiveChess/2.2.6"]

[Event "MČR družstev mladších žáků 2024"]
[Site "Harrachov, Czech Republic"]
[Date "2024.06.16"]
[Round "9.23"]
[White "Polacek Matous"]
[Black "Junova Alexandra"]
[Result "1-0"]
[TimeControl "25+10"]
[WhiteFideId "23760435"]
[BlackFideId "23754990"]
[WhiteElo "1152"]
[BlackElo "1105"]

1. e4 e5 2. Nf3 Nc6 3. Bc4 f5 4. d3 Bc5 5. Be3 Bxe3 6. fxe3 fxe4 7. dxe4 d6 8. O-O Bg4 9. h3 Bh5 10.
Nc3 Qe7 11. Qd2 O-O-O 12. a4 Nf6 13. Nd5 Qd7 14. Nxf6 gxf6 15. b4 Bf7 16. Bxf7 Qxf7 17. b5 Ne7 18. a5 Kb8 19. Rfb1 Rhg8 20.
b6 c6 21. bxa7+ Kxa7 22. Qb4 Rb8 23. Qb6+ Ka8 24. a6 Nc8 25. axb7# 1-0



[ePGN "0.1;DGT LiveChess/2.2.6"]

[Event "MČR družstev mladších žáků 2024"]
[Site "Harrachov, Czech Republic"]
[Date "2024.06.16"]
[Round "9.25"]
[White "Policar Martin"]
[Black "Jezek Jiri"]
[Result "1-0"]
[TimeControl "25+10"]
[WhiteFideId "23734868"]
[BlackFideId "23754672"]
[WhiteElo "1646"]
[BlackElo "1503"]

1. d4 Nf6 2. c4 e6 3. Nf3 d5 4. g3 c6 5. Bg2 Nbd7 6. O-O Be7 7. Nc3 O-O 8. Nd2 Bb4 9. e4 Bxc3 10.
bxc3 dxe4 11. Nxe4 Nxe4 12. Bxe4 Nf6 13. Bg2 h6 14. Rb1 Qa5 15. Qb3 Bd7 16. Ba3 Rfd8 17. Be7 Re8 18. Bxf6 gxf6 19.
Qxb7 Red8 20. Qb2 Rab8 21. Qd2 Kg7 22. c5 e5 23. Rxb8 Rxb8 24. dxe5 Qxc5 25. exf6+ Kxf6 26. Qf4+ Kg6 27.
Qxb8 Qxc3 28. Be4+ Kg7 29. Qxa7 Bh3 30. Bg2 Bg4 31. Bxc6 Be2 32. Bd5 Qf6 33. Qxf7+ Qxf7 34. Bxf7 Kxf7 35.
Ra1 Kf6 36. a4 Ba6 37. a5 Kg5 38. f4+ Kg4 39. Kf2 h5 40. Ra4 Kf5 41. Rb4 h4 42. Rb6 hxg3+ 43. hxg3 Bd3 44. a6 Be4 45.
Rb5+ Kg4 46. Rg5+ Kh3 47. f5 Bd5 48. f6 Bf7 49. a7 1-0



[ePGN "0.1;DGT LiveChess/2.2.6"]

[Event "MČR družstev mladších žáků 2024"]
[Site "Harrachov, Czech Republic"]
[Date "2024.06.16"]
[Round "9.26"]
[White "Zelenka Tomas"]
[Black "Sudrich Radek"]
[Result "0-1"]
[TimeControl "25+10"]
[WhiteFideId "23750200"]
[BlackFideId "23734361"]
[WhiteElo "1255"]
[BlackElo "1470"]

1. e4 c5 2. Nf3 e6 3. d4 cxd4 4. Nxd4 Nf6 5. Nc3 Nc6 6. Bc4 Bb4 7. Bg5 h6 8. Bh4 g5 9. Bg3 Nxe4 10.
O-O Nxc3 11. bxc3 Bxc3 12. Nb5 Be5 13. Bxe5 Nxe5 14. Qd6 f6 15. Nc7+ Kf7 16. Nxa8 Nxc4 17. Qc5 Ne5 18. Qxa7 h5 19.
Qd4 Nc6 20. Qe3 h4 21. Nb6 g4 22. Nc4 d5 23. Nb6 d4 24. Qb3 Ne5 25. Nxc8 Qxc8 26. Rab1 Kg6 27. Qxb7 Qxc2 28. Qb2 Qf5 29.
Qxd4 h3 30. Rfe1 hxg2 31. Qe4 Nf3+ 32. Kxg2 Rxh2+ 33. Kg3 Rh3+ 34. Kg2 Nxe1+ 35. Rxe1 Qxe4+ 36. Rxe4 Ra3 37. Rxg4+ Kf5 38. Rb4 Rxa2 39.
Kg3 e5 40. f3 Rd2 41. Re4 Rd4 42. Re1 Ke6 43. Kf2 f5 44. Kg3 Rd8 45. Kf2 f4 46. Re4 Rh8 47. Kg2 Ra8 48. Kf2 Ra2+ 49.
Kf1 Kf5 50. Ke1 Kg5 51. Rxe5+ Kh4 52. Rb5 Kg3 53. Rb3 Rf2 54. Rb8 Kxf3 55. Rb3+ Kg2 56. Rh3 Rf1+ 57. Ke2 f3+ 0-1



[ePGN "0.1;DGT LiveChess/2.2.6"]

[Event "MČR družstev mladších žáků 2024"]
[Site "Harrachov, Czech Republic"]
[Date "2024.06.16"]
[Round "9.27"]
[White "Moravec Rene"]
[Black "Krivka Lukas"]
[Result "0-1"]
[TimeControl "25+10"]
[WhiteFideId "23745274"]
[BlackFideId "23752092"]
[WhiteElo "1295"]
[BlackElo "1266"]

1. e4 c6 2. d4 d5 3. exd5 cxd5 4. Nf3 Nc6 5. Bb5 a6 6. Ba4 Nf6 7. O-O Bg4 8. Be3 e6 9. Nbd2 Be7 10. c4 O-O 11. cxd5 Nxd5 12.
Bxc6 bxc6 13. Qc2 Bxf3 14. Nxf3 Rc8 15. Ne5 Nb4 16. Qc3 Bd6 17. Nc4 Nd5 18. Qd3 Bf4 19. Bxf4 Nxf4 20. Qe3 Nd5 21.
Qe5 Qf6 22. Qxf6 Nxf6 23. Nd6 Rcd8 24. Nb7 Rxd4 25. Rad1 Rd5 26. Rxd5 cxd5 27. Nc5 Rb8 28. Rc1 Rc8 29. Nd3 Rxc1+ 30. Nxc1 Kf8 31. Kf1 Ke7 32. Ke2 Kd6 33. Kd3 Ne4 34. f3 Nc5+ 35. Ke3 e5 36. b4 Ne6 37. a4 Nc7 38. Nd3 f5 39.
f4 d4+ 40. Kf3 e4+ 41. Ke2 exd3+ 42. Kxd3 Kd5 43. h3 Ne6 44. g3 g5 45. b5 axb5 46. axb5 gxf4 47. gxf4 Nxf4+ 48. Kd2 Kc5 49.
h4 Kxb5 50. Kc2 d3+ 51. Kd2 Ng2 52.
Kxd3 Nxh4 53. Ke3 Ng6 54. Kd4 h5 55. Ke3 Kc5 56. Kf3 Kd4 57. Kg3 h4+ 58. Kh3 Ke3 59. Kg2 Nf4+ 60. Kh2 Kf2 61. Kh1 Ne2 62. Kh2 f4 63. Kh1 Nd4 64. Kh2 f3 65. Kh1 Ke1 66. Kg1 f2 67. Kh2 Nf3+ 68. Kh3 f1=Q+ 69. Kg4 Qg2+ 70. Kf5 Ng1 71. Kf4 Qf3+ 72. Ke5 Qg4 73. Kd5 Qf4 74. Kc5 Qe4 75. Kb6 Qd5 76. Ka7 Qc6 77. Kb8 Qd7 78. Ka8 Kd2 79. Kb8 Kc3 80. Ka8 Kb4 81. Kb8 Kb5 82. Ka8 Kb6 83. Kb8 Qd8# 0-1



[ePGN "0.1;DGT LiveChess/2.2.6"]

[Event "MČR družstev mladších žáků 2024"]
[Site "Harrachov, Czech Republic"]
[Date "2024.06.16"]
[Round "9.28"]
[White "Strihavka Petr"]
[Black "Sevcikova Terezie"]
[Result "1-0"]
[TimeControl "25+10"]
[WhiteFideId "23760702"]
[BlackFideId "23766425"]
[WhiteElo "1251"]
[BlackElo "1447"]

1. e4 d5 2. exd5 Nf6 3. c4 c6 4. Nc3 cxd5 5. cxd5 Nxd5 6. Be2 Nc6 7. Nf3 Bf5 8. O-O e6 9. h3 Bc5 10.
d4 Bb4 11. Nxd5 Qxd5 12. Be3 O-O 13. Qc1 Rac8 14. Bc4 Qd6 15. Bf4 Qe7 16. b3 b5 17. d5 exd5 18. Bxd5 Nd4 19. Qd1 Ne2+ 20.
Kh1 Bc2 21. Bg5 Bxd1 22. Bxe7 Bxe7 23. Raxd1 Nc3 24. Rd2 Rcd8 25. Bc6 b4 26. Re1 Bf6 27. Rc2 h6 28. Ne5 Bxe5 29. Rxe5 Rd1+ 30.
Kh2 Ra1 31. Ra5 Rc8 32. Bd5 Rc7 33. Bf3 Re1 34. Rd2 Re8 35. Rd6 Ree7 36. Rd8+ Kh7 37. Rb8 Nb1 38. Rxb4 Nd2 39. Bd5 Re5 40. Rd4 Nb1 41. Be4+ Rxe4 42.
Rxe4 Nc3 43. Rc4 Rxc4 44. bxc4 Ne4 45. c5 Kg6 46. c6 Nd6 47. Rd5 Nc8 48. c7 Kf6 49. Rd8 Nb6 50. c8=Q Nxc8 51.
Rxc8 Ke6 52. Rc7 a5 53. Ra7 g5 54. Rxa5 Kf6 55. Rc5 Kg6 56. a3 f5 57. a4 f4 58. a5 Kf6 59. a6 g4 60.
a7 g3+ 61. fxg3 f3 62. gxf3 h5 63.
a8=Q h4 64. Qa6+ Ke7 65. Rc7+ Kd8 66. Qc8# 1-0



[ePGN "0.1;DGT LiveChess/2.2.6"]

[Event "MČR družstev mladších žáků 2024"]
[Site "Harrachov, Czech Republic"]
[Date "2024.06.16"]
[Round "9.29"]
[White "Kobersky Matyas"]
[Black "Bejvl Antonin"]
[Result "1-0"]
[TimeControl "25+10"]
[WhiteFideId "23747501"]
[BlackFideId "23770953"]
[WhiteElo "1206"]
[BlackElo "1172"]

1. d4 e5 2. dxe5 d6 3. exd6 Bxd6 4. Nc3 Nc6 5. Nf3 Bg4 6. e4 Qe7 7. h3 Bh5 8. Bd3 O-O-O 9. O-O Nf6 10.
Bg5 Ne5 11. Be2 h6 12. Nxe5 Bxe5 13. Bxf6 Qxf6 14. Bg4+ Bxg4 15. Qxg4+ Kb8 16. Nd5 Qd6 17. Rab1 h5 18. Qf3 Qe6 19.
a3 Rh6 20. Rfd1 Rf8 21. Nf4 Bxf4 22. Qxf4 a6 23. Rd5 Rf6 24. Qe3 g6 25. Rbd1 Qe7 26. Qg5 Re8 27. e5 Rb6 28. Rd8+ Ka7 29.
Qxe7 Rxe7 30. R8d7 Rxe5 31. Rxf7 Rxb2 32. Rxc7 Ra2 33. Rd6 Rxa3 34. Rxg6 a5 35. f4 Rb5 36. Rg5 Rxg5 37. fxg5 Rg3 38.
Rc5 b6 39. Rc7+ Ka6 40. Rg7 Kb5 41. Kf2 Rc3 42. g6 Rxc2+ 43. Kf3 a4 44. Ra7 Kb4 45. g7 Rc8 46. Rf7 Rg8 47. Kf4 a3 48.
Kf5 a2 49. Ra7 Rxg7 50. Rxa2 b5 51. g4 hxg4 52. hxg4 Kb3 53. Ra6 b4 54. Rb6 Kc3 55. g5 b3 56. g6 Kc2 57. Rc6+ Kd3 58.
Kf6 b2 59. Rb6 Rxg6+ 60. Kxg6 Kc2 1-0



[ePGN "0.1;DGT LiveChess/2.2.6"]